 Dungeon Crawl Stone Soup version 0.29.0-10-g45618ea6d2 (webtiles) character file.

Game seed: 9183159583776763073

74 Arum the Ruffian (level 4, 35/35 HPs)
             Began as a Demonspawn Gladiator on Sept 1, 2022.
             Was a Follower of Kikubaaqudgha.
             Got out of the dungeon alive.
             The game lasted 00:01:25 (2644 turns).

Arum the Ruffian (Demonspawn Gladiator)             Turns: 2644, Time: 00:01:26

Health: 35/35      AC:  5    Str: 16    XL:     4   Next: 10%
Magic:  4/4        EV: 12    Int:  9    God:    Kikubaaqudgha [*.....]
Gold:   69         SH:  0    Dex: 15    Spells: 3/3 levels left

rFire   . . .      SeeInvis .     - Unarmed
rCold   . . .      Faith    .   (no shield)
rNeg    . . .      Spirit   .   a - +0 leather armour
rPois   .          Reflect  .   (helmet restricted)
rElec   .          Harm     .   (no cloak)
rCorr   .          Rampage  .   (no gloves)
Will    .....                   (no boots)
Stlth   +.........              (no amulet)
HPRegen 0.11/turn               (no ring)
MPRegen 0.09/turn               (no ring)

@: no status effects
A: antennae 1, slimy green scales 1
a: Renounce Religion, Unearth Wretches


You escaped.
You worshipped Kikubaaqudgha.
Kikubaaqudgha was aware of your devotion.
You visited 1 branch of the dungeon, and saw 2 of its levels.

You collected 69 gold pieces.

Inventory:

Missiles
 c - 3 throwing nets (quivered)
 d - a javelin
Armour
 a - a +0 leather armour (worn)
 b - a +0 helmet
Jewellery
 k - an amulet of guardian spirit
Scrolls
 e - 8 scrolls of identify {unknown}
 f - a scroll of amnesia {unknown}
 i - a scroll of teleportation {unknown}
Potions
 g - a potion of brilliance {unknown}
 h - a potion of heal wounds {unknown}
 j - a potion of ambrosia {unknown}


   Skills:
 + Level 3.0 Fighting
 - Level 1.7 Throwing
 + Level 3.3 Dodging
 + Level 3.4 Unarmed Combat


You had 3 spell levels left.
You didn't know any spells.
Your spell library contained the following spells:

 Spells                   Type           Power      Damage    Failure   Level
 Necrotise                Necr           0%         1d4       45%         1
 Sublimation of Blood     Necr           0%         N/A       58%         2
 Vampiric Draining        Necr           0%         2d6       83%         3
 Anguish                  Hex/Necr       0%         N/A       99%         4


Dungeon Overview and Level Annotations

Branches:
Dungeon (2/15)

Altars:
Kikubaaqudgha


Innate Abilities, Weirdness & Mutations

You have a pair of small antennae on your head.
You are partially covered in slimy green scales. (AC +2)


Message History

The adder is heavily wounded.
You feel sick. The adder bites you but does no damage.
You hit the adder.
The adder is severely wounded.
You feel sick. The adder closely misses you. x2
You closely miss the adder.
The adder is severely wounded.
You feel sick. The adder barely misses you.
You barely miss the adder.
The adder is severely wounded.
You feel sick.
You are no longer poisoned.
The adder bites you but does no damage.
You hit the adder.
You kill the adder!
Your Fighting skill increases to level 3!
You have reached level 4!
You feel agile.
Your demonic ancestry asserts itself...
A pair of antennae grows on your head!
Your +0 helmet falls away!
You start resting.
HP restored.
There is an open door here.
Found a glowing steel amulet.
Okay, then.
There is a faded altar of an unknown god here.
You cannot tell which god this altar belongs to.
Convert to them anyway?
Kikubaaqudgha accepts your prayer! Kikubaaqudgha welcomes you!
You can now bring forth the wretched and dying.
Kikubaaqudgha grants you a gift!
You add the spells Necrotise, Sublimation of Blood, Vampiric Draining and Anguish to your library.
k - an amulet of guardian spirit
There is an open door here.
There is a stone staircase leading up here.
You climb upwards.
There is a stone staircase leading down here.
There is a staircase leading out of the dungeon here.
Are you sure you want to leave the Dungeon?
This will make you lose the game!
You have escaped!

.................###
.................#####
..............#####..####
.............#.###.#....#
............###.#.###...#
...........## ##.## ##..########
..........#.###.#.###.#........#
..........##.#.#.#.#.##........#
.....#....###.#.@.#.###........#
.......>..##.#.#.#.#.##........#
.....####.#.###.#.###.#........#
..#### #..## ##.## ##...).....#
#.########..###.#.###...########
.............#.###.#.........#
#.#######.#...#####........###
#.###...................####
........................#


There were no monsters in sight!

Vanquished Creatures
  3 adders (D:2)
  3 worms (D:2)
  A dart slug (D:1)
  A bat (D:2)
  4 endoplasms
  A giant cockroach (D:1)
  2 goblins
  4 hobgoblins
  2 quokkas (D:1)
  7 ball pythons
  2 frilled lizards
  4 kobolds
  A rat (D:2)
35 creatures vanquished.

Notes
Turn   | Place    | Note
-------+----------+-------------------------------------------
     0 | D:1      | Arum the Demonspawn Gladiator began the quest for the Orb.
     0 | D:1      | Reached XP level 1. HP: 16/16 MP: 1/1
   508 | D:1      | Gained mutation: You are partially covered in slimy green
                  | scales. (AC +2) [demonic ancestry]
   508 | D:1      | Reached XP level 2. HP: 22/22 MP: 2/2
  1578 | D:2      | Reached XP level 3. HP: 14/28 MP: 3/3
  2435 | D:2      | Found a faded altar of an unknown god.
  2455 | D:2      | Gained mutation: You have a pair of small antennae on your
                  | head. [demonic ancestry]
  2455 | D:2      | Reached XP level 4. HP: 22/35 MP: 4/4
  2576 | D:2      | Prayed at the altar of an unknown god.
  2576 | D:2      | Became a worshipper of Kikubaaqudgha
  2576 | D:2      | Reached * piety under Kikubaaqudgha
  2576 | D:2      | Received a gift from Kikubaaqudgha
  2644 | D:$      | Got out of the dungeon alive.

Illustrated notes

Levels and vault maps discovered:
D:1:      minmay_arrival_diagonal_passages, layout_rooms,
          hangedman_decor_slide_cut, minmay_misc_feat_hallway,
          patterned_corridor
D:2:      layout_basic, basic_altar, basic_ecumenical_altar,
          hangedman_decor_lopped, minmay_pentomino_t2

Skill      XL: |  1  2  3 |
---------------+----------+-----
Unarmed Combat | 3 |  3.4
Dodging        | 3 |  3.3
Fighting       | 3 |  3.0
Throwing       | |  1.7

Action                   |  1- 3 |  4- 6 || total
-------------------------+-------+-------++-------
Melee: Unarmed           |   192 |       ||   192
       Punch             |     5 |       ||     5
 Stab: Sleeping          |     1 |       ||     1
Armor: Leather armour    |    65 |       ||    65
Dodge: Dodged            |   103 |       ||   103
